 Dungeon Crawl Stone Soup version 0.18.1-48-g4cf74bf (webtiles) character file.

105 Heedrag the Magician (level 4, 0/24 HPs)
             Began as a Deep Elf Conjurer on July 25, 2016.
             Slain by a gnoll
             ... wielding a cursed -2 spear
              (8 damage)
             ... on level 2 of the Dungeon.
             The game lasted 00:03:27 (1466 turns).

Heedrag the Magician (Deep Elf Conjurer)            Turns: 1466, Time: 00:03:27

Health: 0/24       AC:  3    Str:  6    XL:     4   Next: 54%
Magic:  10/14      EV: 13    Int: 20    God:
Gold:   50         SH:  0    Dex: 15    Spells: 2 memorised, 12 levels left

rFire  . . .     SeeInvis .     i - +1 short sword (freeze)
rCold  . . .     Gourm    .     a - +0 robe
rNeg   . . .     Faith    .     (no shield)
rPois  .         Spirit   .     (no helmet)
rElec  .         Dismiss  .     (no cloak)
rCorr  .         Reflect  .     e - +0 pair of gloves
SustAt .         Harm     .     (no boots)
MR     .....     Rnd*Tele +     (no amulet)
Stlth  ++........               m - ring of teleportation (curse)
                                d - +5 ring of slaying

@: not resistant to hostile enchantments, unstealthy
A: no striking features
a: no special abilities


You were on level 2 of the Dungeon.
You were hungry.

You visited 1 branch of the dungeon, and saw 2 of its levels.

You collected 50 gold pieces.

Inventory:

Hand Weapons
 i - a +1 short sword of freezing (weapon)
Armour
 a - a +0 robe (worn)
 e - a +0 pair of gloves (worn)
 n - a +0 large shield
Jewellery
 d - a +5 ring of slaying (left hand)
 m - a cursed ring of teleportation (right hand)
Scrolls
 k - a scroll of remove curse {unknown}
 l - a scroll of identify {unknown}
 o - a scroll of enchant armour {unknown}
Potions
 h - a potion of haste {unknown}
 p - a potion of lignification {unknown}
 q - a potion of curing {unknown}
Books
 b - a book of Conjurations

   Spells                             Type                      Level
   a - Magic Dart                     Conjuration                  1
   b - Searing Ray                    Conjuration                  2
   c - Dazzling Spray                 Conjuration/Hexes            3
   d - Fulminant Prism                Conjuration/Hexes            4
   e - Iskenderun's Mystic Blast      Conjuration                  4
   f - Iskenderun's Battlesphere      Conjuration/Charms           5
Comestibles
 c - 4 bread rations
 f - a beef jerky
 g - 2 fruits


   Skills:
 - Level 2.4 Dodging
 - Level 2.4 Stealth
 * Level 6.6 Spellcasting
 - Level 4.3 Conjurations


You had 12 spell levels left.
You knew the following spells:

 Your Spells              Type           Power        Failure   Level  Hunger
a - Magic Dart            Conj           ###.         1%          1    None
b - Dazzling Spray        Conj/Hex       ###...       14%         3    #......


Dungeon Overview and Level Annotations

Branches:
Dungeon (2/15)

Altars:
Makhleb
Okawaru
Trog
Yredelemnul


Message History

Tha magic dart hits tha gnoll.
Tha gnoll be severely wounded.
Tha gnoll closely misses ye.
Castin': Magic Dart Confirm wit' . or Enter, or press ? or * ta list all spells.
Aimin': Magic Dart
Press: ? - help, Shift-Dir - straight line, f/p - gnoll
Aim: a gnoll, wieldin' a spear (severely wounded) Tha magic dart hits tha gnoll.
Tha gnoll be severely wounded.
Tha gnoll closely misses ye.
Castin': Magic Dart Confirm wit' . or Enter, or press ? or * ta list all spells.
Aimin': Magic Dart
Press: ? - help, Shift-Dir - straight line, f/p - gnoll
Aim: a gnoll, wieldin' a spear (severely wounded) Tha magic dart hits tha gnoll.
Tha gnoll be severely wounded.
Tha gnoll hits ye wit' a spear!
Ye die...

..# #......#........# #.#.#####
..# #.#.#..#.#.##.#.# #.#.....#
#.####..<.......##.#.###.#####.#
....gg.................>...# #.#
............#.....##.##..#.###.#
#.#.....#.#.#####.##.#....<#.#.#
#.#.##..._.... #.##.#...#...#.#
#.#.#...#.#.#.###.##.###.#...).#
............#..g@.##.. ..#...#.#
#.#.############################
..#.. ##### ..# #.# #.# ..# ###


You could see a gnoll.

Vanquished Creatures
  Jessica (D:2)
  3 adders
  2 gnolls
  3 giant geckos
  5 bats
  A giant cockroach (D:1)
  3 goblins
  4 hobgoblins
  4 kobolds
  A ball python (D:2)
  3 giant newts (D:2)
  2 rats (D:1)
32 creatures vanquished.

Notes
Turn   | Place    | Note
--------------------------------------------------------------
     0 | D:1      | Heedrag the Deep Elf Conjurer began the quest for the Orb.
     0 | D:1      | Reached XP level 1. HP: 10/10 MP: 6/6
   257 | D:1      | Reached XP level 2. HP: 15/15 MP: 6/8
   455 | D:1      | Reached skill level 4 in Spellcasting
   872 | D:1      | Reached XP level 3. HP: 19/19 MP: 7/11
   877 | D:1      | Learned a level 3 spell: Dazzling Spray
   951 | D:2      | Found a basalt altar of Yredelemnul.
   968 | D:2      | Reached skill level 5 in Spellcasting
  1017 | D:2      | Found a bloodstained altar of Trog.
  1017 | D:2      | Found an iron altar of Okawaru.
  1044 | D:2      | Found a burning altar of Makhleb.
  1049 | D:2      | Noticed Jessica
  1056 | D:2      | Killed Jessica
  1135 | D:2      | Reached skill level 6 in Spellcasting
  1135 | D:2      | Reached XP level 4. HP: 19/24 MP: 10/14
  1184 | D:2      | HP: 1/24 [gnoll/flail (8)]
  1466 | D:2      | Slain by a gnoll

Skill      XL: |  1  2  3 |
---------------+----------+-----
Spellcasting   | 4 6 |  6.6
Dodging        | |  2.4
Stealth        | |  2.4
Conjurations   | |  4.3

Action                   |  1- 3 |  4- 6 || total
-------------------------+-------+-------++-------
Melee: Short sword       |    17 |     8 ||    25
 Cast: Magic Dart        |    31 |    15 ||    46
       Dazzling Spray    |       |     1 ||     1
 Stab: Sleeping          |     1 |       ||     1
  Eat: Chunk             |     1 |       ||     1
Armor: Robe              |     3 |     3 ||     6
Dodge: Dodged            |    14 |    11 ||    25
